AoeStats
← Johnson

Arabia

509714345Analyzed
4v4 RM · 6d ago on Sep 27, 2026· 20m 8s· 8 players
Game mode
Random Map
Map size
Large (8 player)
Population
200
Speed
Normal
Resources
Standard
Victory
Conquest
Starting age
Dark Age
Ending age
Imperial Age
RankedLock teamsTeams togetherTeam positionsShared explorationLock speedFull tech treeHidden civsTurbo modeCheats
Victory
Defeat
🇦🇷 Magyars · Argentina
1292
+14
🇦🇷 Vikings · Argentina
1264
+15
🇦🇷 Varangians · Argentina
1260
+16
🇦🇷 Khmer · Argentina
1228
+17
🇳🇱 Magyars · Netherlands
1270
-16
🇫🇷 Maya · France
1251
-16
🇮🇳 Jurchens · India
1244
-15
🇩🇪 Berbers · Germany
1236
-15
doncath44
7:24 Loom
10:13 Feudal Age
11:24 Double-Bit Axe
12:31 Scale Barding Armor
18:26 Forging
Night Mayor7092
8:03 Loom
9:49 Feudal Age
11:02 Double-Bit Axe
12:49 Horse Collar
18:57 Castle Age
17:18 Gold Mining
18:32 Scale Barding Armor
19:44 Bloodlines
maximefufer
0:26 Loom
10:33 Feudal Age
11:16 Double-Bit Axe
18:16 Fletching
Johnson
4:02 Loom
10:28 Feudal Age
11:43 Horse Collar
11:49 Double-Bit Axe
18:05 Forging
18:17 Bloodlines
enzopasq13
6:28 Loom
9:42 Feudal Age
11:57 Bloodlines
ojoalcasla
9:18 Feudal Age
13:34 Scale Barding Armor
13:40 Forging
14:57 Bloodlines
15:07 Double-Bit Axe
22:08 Castle Age
ojoaltejo
7:06 Loom
9:43 Feudal Age
10:12 Double-Bit Axe
10:07 Horse Collar
15:07 Fletching
20:51 Castle Age
ojoalcojo
9:28 Feudal Age
10:03 Loom
11:01 Double-Bit Axe
11:47 Fletching
14:49 Double-Bit Axe
Connection lost

Rejoining the realm…

Still unreachable

The connection could not be restored.

Session expired

The server has moved on; the page needs a fresh start.